 Dungeon Crawl Stone Soup version 0.30-a0-223-gcb0039aa0c (webtiles) character file.

Game seed: 9567330892022129059

95 qw the Chopper (level 4, -1/28 HPs)
             Began as a Gargoyle Fighter on Oct 9, 2022.
             Slain by Ijyb
             ... wielding a +7 dagger of venom
              (4 damage)
             ... on level 3 of the Dungeon.
             The game lasted 00:00:49 (1755 turns).

qw the Chopper (Gargoyle Fighter)                   Turns: 1755, Time: 00:00:50

Health: -1/28      AC: 12    Str: 22    XL:     4   Next: 66%
Magic:  4/4        EV:  7    Int:  8    God:
Gold:   186        SH:  9    Dex:  9    Spells: 3/3 levels left

rFire   + . .      SeeInvis .    Y - +0 war axe
rCold   + . .      Faith    .    c - +0 buckler
rNeg    + . .      Spirit   .    h - +0 chain mail
rPois   inf        Reflect  +    (no helmet)
rElec   +          Harm     .    e - scarf {rC+ rF+}
rCorr   .          Rampage  .    (no gloves)
Will    .....                    (no boots)
Stlth   ..........               i - amulet of reflection
HPRegen 0.24/turn                (no ring)
MPRegen 0.09/turn                (no ring)

@: no status effects
A: sickness immunity, AC +3, negative energy resistance 1, electricity
resistance, torment resistance 1, petrification resistance
a: no special abilities


You were on level 3 of the Dungeon.
You visited 1 branch of the dungeon, and saw 3 of its levels.

You collected 186 gold pieces.


Innate Abilities, Weirdness & Mutations

You are immune to sickness and miasma.
Your stone body is resilient. (AC +3)
You are immune to poison.
You resist negative energy. (rN+)
You are resistant to electric shocks. (rElec)
You are resistant to unholy torment.
You are immune to petrification.


   Skills:
 - Level 3.2 Fighting
 + Level 4.1 Axes
 - Level 1.0 Throwing
 - Level 3.2 Armour
 - Level 3.2 Shields


You had 3 spell levels left.
You didn't know any spells.
Your spell library was empty.

Inventory:

Hand Weapons
 a - a +0 flail
 Y - a +0 war axe (weapon)
Missiles
 f - 3 javelins (quivered)
Armour
 c - a +0 buckler (worn)
 e - a scarf of resistance (worn)
 h - a +0 chain mail (worn)
Jewellery
 i - an amulet of reflection (around neck)
Scrolls
 j - a scroll of identify
Potions
 b - a potion of resistance {unknown}
 d - a potion of might
 g - a potion of invisibility {unknown}
 k - a potion of mutation {unknown}

Dungeon Overview and Level Annotations

Branches:
Dungeon (3/15)

Altars:
Cheibriados
Makhleb
Qazlal
Sif Muna
Wu Jian
Xom
Zin

Annotations:
D:3 1 runed translucent door, Ijyb; qw's ghost, amateur GrFi


Message History

Ijyb is lightly wounded.
Ijyb closely misses you.
You hit Ijyb.
Ijyb is moderately wounded.
Ijyb hits you with a +7 dagger of venom.
You closely miss Ijyb.
Ijyb is moderately wounded.
Ijyb zaps a wand.
The roots erupt in riotous growth!
The grasping roots grab you!
Ijyb is unaffected.
The grasping roots constrict you. Ijyb barely misses you.
The grasping roots constrict you.
You closely miss Ijyb.
Ijyb is moderately wounded.
You block Ijyb's attack. The grasping roots constrict you.
The grasping roots release their grip on you.
You hit Ijyb but do no damage.
Ijyb is moderately wounded.
Ijyb hits you with a +7 dagger of venom.
You hit Ijyb.
Ijyb is moderately wounded.
Ijyb hits you but does no damage.
Ijyb zaps a wand.
The roots erupt in riotous growth!
The grasping roots grab you!
Ijyb is unaffected.
The grasping roots constrict you.
You barely miss Ijyb.
Ijyb is moderately wounded.
You block Ijyb's attack. The grasping roots constrict you.
You closely miss Ijyb.
Ijyb is moderately wounded.
Ijyb barely misses you. The grasping roots constrict you.
The grasping roots release their grip on you.
You hit Ijyb.
Ijyb is moderately wounded.
Ijyb screams, "Me very upset!"
Ijyb hits you with a +7 dagger of venom.
You block Ijyb's attack.
You barely miss Ijyb.
Ijyb is moderately wounded.
Ijyb hits you with a +7 dagger of venom.
You die...

###.........###########
....................... ..##
#.........########### ....
#.........# ..# #.........# ..#
###...##### ..# #. #...########
..# #..#........... ###### ..###
#..g@..#########..... ....#
##.....#...####......
###.##########.....#...#:##......
. #.##.............#._.#:##......
..#'##.............#...#:##......
......%...........##...# #......
.................#####'####......
.###.............+...............
##}##............####......(.....


You could see Ijyb.

Vanquished Creatures
  2 adders (D:2)
  2 worms (D:2)
  A dart slug (D:1)
  5 orcs (D:3)
  5 ball pythons
  2 endoplasms (D:1)
  A giant cockroach (D:1)
  6 goblins
  5 hobgoblins
  6 jackals (D:2)
  11 kobolds
  4 quokkas
  2 bats (D:2)
  3 frilled lizards
  5 rats
60 creatures vanquished.

Notes
Turn   | Place    | Note
-------+----------+-------------------------------------------
     0 | D:1      | qw the Gargoyle Fighter began the quest for the Orb.
     0 | D:1      | Reached XP level 1. HP: 14/14 MP: 1/1
     0 | D:1      | 0 ||| qw: Version: 0.2-a-17-g06abaee
     0 | D:1      | 0 ||| qw: Game counter: 2155
     0 | D:1      | 0 ||| qw: Always use a shield: true
     0 | D:1      | 0 ||| qw: God list: Okawaru
     0 | D:1      | 0 ||| qw: Allow faded altars: false
     0 | D:1      | 0 ||| qw: Do Orc after D:15 true
     0 | D:1      | 0 ||| qw: Do second Lair branch before Depths: true
     0 | D:1      | 0 ||| qw: Lair rune preference: random
     0 | D:1      | 0 ||| qw: Plans: Normal, Zot:1-4, God:TSO, Crypt, Tomb,
                  | Pan, Slime:5, Hells, Abyss, Orb
     0 | D:1      | 0 ||| PLANNING D:1-11
    62 | D:1      | Reached skill level 2 in Axes
    82 | D:1      | Reached XP level 2. HP: 19/19 MP: 2/2
   148 | D:1      | 148 ||| Stepping ~*~*~tactically~*~*~ (stealth).
   151 | D:1      | 151 ||| Stepping ~*~*~tactically~*~*~ (stealth).
   181 | D:1      | 181 ||| Stepping ~*~*~tactically~*~*~ (stealth).
   182 | D:1      | 182 ||| Stepping ~*~*~tactically~*~*~ (stealth).
   183 | D:1      | 183 ||| Stepping ~*~*~tactically~*~*~ (stealth).
   184 | D:1      | 184 ||| Stepping ~*~*~tactically~*~*~ (stealth).
   199 | D:1      | 199 ||| DROPPING +0 club.
   270 | D:1      | Reached skill level 3 in Axes
   487 | D:1      | 487 ||| Stepping ~*~*~tactically~*~*~ (hiding).
   500 | D:1      | Reached XP level 3. HP: 21/23 MP: 3/3
   825 | D:1      | 825 ||| UPGRADING to scarf of resistance.
   830 | D:1      | 830 ||| DROPPING +6 ring of intelligence.
   831 | D:1      | 831 ||| READING 2 scrolls labelled SIYTIAR FUEK.
   832 | D:1      | 832 ||| READING 3 scrolls labelled DOF HYOPLOKKUN.
   833 | D:1      | 833 ||| READING 2 scrolls of identify.
   833 | D:1      | 833 ||| IDENTIFYING golden potion
   834 | D:1      | 834 ||| DROPPING scroll of summoning.
   835 | D:1      | 835 ||| DROPPING potion of flight.
   885 | D:2      | 885 ||| DROPPING +0 whip.
  1073 | D:2      | 1073 ||| Stepping ~*~*~tactically~*~*~ (stealth).
  1083 | D:2      | Reached XP level 4. HP: 27/28 MP: 4/4
  1087 | D:2      | Reached skill level 1 in Throwing
  1276 | D:2      | 1276 ||| UPGRADING to +0 chain mail.
  1286 | D:2      | 1286 ||| DROPPING +0 scale mail.
  1287 | D:2      | 1287 ||| UPGRADING to amulet of reflection.
  1292 | D:2      | 1292 ||| READING scroll labelled ITEMOSH SUUVUK.
  1293 | D:2      | 1293 ||| READING scroll labelled AHISUPTASA.
  1346 | D:3      | 1346 ||| Stepping ~*~*~tactically~*~*~ (stealth).
  1382 | D:3      | 1382 ||| Stepping ~*~*~tactically~*~*~ (stealth).
  1392 | D:3      | Reached skill level 4 in Axes
  1512 | D:3      | Found a runed translucent door.
  1512 | D:3      | Noticed qw's ghost (amateur GrFi)
  1594 | D:3      | Found a shimmering blue altar of Sif Muna.
  1615 | D:3      | Found a stormy altar of Qazlal.
  1674 | D:3      | Found a burning altar of Makhleb.
  1674 | D:3      | Found a shimmering altar of Xom.
  1682 | D:3      | Found an ornate altar of the Wu Jian Council.
  1684 | D:3      | Found a snail-covered altar of Cheibriados.
  1686 | D:3      | Found a glowing silver altar of Zin.
  1743 | D:3      | Noticed Ijyb
  1754 | D:3      | HP: 2/28 [Ijyb/+7 dagger of venom (6)]
  1755 | D:3      | Slain by Ijyb

Levels and vault maps discovered:
D:1:      dpeg_arrival_rooms_a, layout_basic, st_stairs_2,
          minmay_misc_feat_rows, chequers_avenue, dk_noncrumbling_2
D:2:      layout_rooms, small_statue_intersection
D:3:      layout_basic, pf_just_have_faith, nicolae_sif_muna_little_library,
          nicolae_overflow_hidden_temple, chequers_temple_overflow_minitemple,
          hellmonk_ghost_happy_afterlife, nicolae_titane, uniq_ijyb

Skill      XL: |  1  2  3  4 |
---------------+-------------+-----
Axes           | 2 3 4 |  4.1
Throwing       | 1 |  1.0
Fighting       | |  3.2
Armour         | |  3.2
Shields        | |  3.2

Action                   |  1- 3 |  4- 6 || total
-------------------------+-------+-------++-------
Melee: War axe           |    88 |    38 ||   126
Throw: Javelin           |    14 |    23 ||    37
  Use: Scroll            |     3 |     2 ||     5
Armor: Scale mail        |    42 |     3 ||    45
       Chain mail        |       |    12 ||    12
Dodge: Dodged            |    52 |    10 ||    62
Block: Buckler           |    16 |     8 ||    24

Table legend:
 A = Non-vault XP
 B = Vault XP
 C = Vault XP percentage of total XP
 D = Non-vault monster count
 E = Vault monster count
 F = Vault count percentage of total count
                 A         B        C        D         E       F
            +---------+---------+-------+---------+---------+-------
      Total |     133 |       4 |   2.9 |      58 |       2 |   3.3
            +---------+---------+-------+---------+---------+-------
        D:1 |      43 |       4 |   8.5 |      24 |       2 |   7.7
        D:2 |      62 |       0 |   0.0 |      20 |       0 |   0.0
        D:3 |      28 |       0 |   0.0 |      14 |       0 |   0.0
            +---------+---------+-------+---------+---------+-------
